[ AOE2 MATCH · #504560091 ]
UnrankedCumans vs Spanish
Player's team · WIN
Rival team · LOSS
[ REPLAY ANALYSIS · EXTRACTED FROM THE RECORDED GAME ]
Feudal
8:56
Castle
—
Imperial
—
| APM avg | 53.0 |
| APM peak | 105 |
| eAPM avg | 22.3 |
| Villagers / military | 68 / 26 |
Focus
⚔️ 34.8% · 🌾 65.2%
Scout Cavalry ×26
Feudal
12:01
Castle
16:59
Imperial
—
| APM avg | 31.6 |
| APM peak | 63 |
| eAPM avg | 11.4 |
| Villagers / military | 28 / 4 |
Focus
⚔️ 27.2% · 🌾 72.8%
Militia ×2 · Spearman ×2
Match map
Initial resources + every placement click. Lines = walls · curves = elevation contours. ◆ gold · ⬟ stone · ● berries · ✦ relic · ◌ wall gap
Your base· Open — unwalled flank
NO MAMES's base· Open — unwalled flank
Smoothed initial terrain · ◌ = detected wall gap · hover for details
Inputs per minute
— Ux'Olkan - - NO MAMES
Build order — Ux'Olkan
145 actions detected in the replay
| 0:00 | Queue | Villager (Male) |
| 0:03 | Build | House |
| 0:04 | Build | House |
| 0:20 | Queue | Villager (Male) |
| 0:28 | Queue | Villager (Male) |
| 0:28 | Queue | Villager (Male) |
| 0:29 | Queue | Villager (Male) |
| 0:29 | Queue | Villager (Male) |
| 1:28 | Queue | Villager (Male) |
| 1:28 | Queue | Villager (Male) |
| 1:29 | Queue | Villager (Male) |
| 1:44 | Build | Lumber Camp |
| 2:00 | Queue | Villager (Male) |
| 2:00 | Queue | Villager (Male) |
| 2:01 | Queue | Villager (Male) |
| 2:16 | Queue | Villager (Male) |
| 2:16 | Queue | Villager (Male) |
| 2:16 | Queue | Villager (Male) |
| 2:45 | Queue | Villager (Male) |
| 2:46 | Queue | Villager (Male) |
| 2:46 | Queue | Villager (Male) |
| 3:06 | Queue | Villager (Male) |
| 3:06 | Queue | Villager (Male) |
| 3:07 | Queue | Villager (Male) |
| 3:07 | Queue | Villager (Male) |
| 3:23 | Queue | Villager (Male) |
| 3:27 | Build | House |
| 3:28 | Build | House |
| 3:43 | Queue | Villager (Male) |
| 3:43 | Queue | Villager (Male) |
| 3:44 | Queue | Villager (Male) |
| 4:38 | Queue | Villager (Male) |
| 4:38 | Queue | Villager (Male) |
| 4:39 | Queue | Villager (Male) |
| 4:39 | Queue | Villager (Male) |
| 4:56 | Queue | Villager (Male) |
| 4:57 | Queue | Villager (Male) |
| 4:57 | Queue | Villager (Male) |
| 5:06 | Build | Mill |
| 5:43 | Queue | Villager (Male) |
| 5:43 | Research | Loom |
| 6:46 | Research | Feudal Age |
| 6:57 | Build | House |
| 7:38 | Build | Palisade Wall |
| 7:51 | Queue | Villager (Male) |
| 7:51 | Queue | Villager (Male) |
| 7:51 | Queue | Villager (Male) |
| 8:01 | Build | Barracks |
| 8:06 | Queue | Villager (Male) |
| 8:56 | Age | Feudal Age |
| 8:58 | Build | Stable |
| 9:21 | Queue | Villager (Male) |
| 9:28 | Research | Double-Bit Axe |
| 9:30 | Research | Horse Collar |
| 9:43 | Queue | Scout Cavalry |
| 9:43 | Queue | Scout Cavalry |
| 9:43 | Queue | Scout Cavalry |
| 9:44 | Queue | Scout Cavalry |
| 9:44 | Queue | Scout Cavalry |
| 9:53 | Build | Palisade Wall |
| 10:01 | Queue | Villager (Male) |
| 10:01 | Queue | Villager (Male) |
| 10:04 | Build | Farm |
| 10:17 | Build | Blacksmith |
| 10:19 | Build | House |
| 10:29 | Queue | Villager (Male) |
| 10:29 | Queue | Villager (Male) |
| 10:29 | Queue | Villager (Male) |
| 10:32 | Build | Palisade Wall |
| 10:50 | Build | Farm |
| 10:50 | Build | Farm |
| 10:50 | Build | Farm |
| 10:50 | Build | Farm |
| 10:50 | Build | Farm |
| 10:57 | Queue | Villager (Male) |
| 10:57 | Queue | Villager (Male) |
| 11:03 | Queue | Villager (Male) |
| 11:03 | Queue | Villager (Male) |
| 11:17 | Build | Farm |
| 11:17 | Build | Farm |
| 11:17 | Build | Farm |
| 12:16 | Queue | Scout Cavalry |
| 12:16 | Queue | Scout Cavalry |
| 12:16 | Queue | Scout Cavalry |
| 12:21 | Build | Farm |
| 12:24 | Queue | Villager (Male) |
| 12:24 | Queue | Villager (Male) |
| 12:24 | Queue | Villager (Male) |
| 12:55 | Queue | Villager (Male) |
| 13:21 | Queue | Villager (Male) |
| 13:38 | Queue | Villager (Male) |
| 13:44 | Build | Stable |
| 13:55 | Build | Watch Tower |
| 13:57 | Queue | Villager (Male) |
| 14:01 | Build | Farm |
| 14:01 | Build | Farm |
| 14:01 | Build | Farm |
| 14:02 | Build | Farm |
| 14:07 | Queue | Villager (Male) |
| 14:11 | Build | Mining Camp |
| 14:14 | Queue | Villager (Male) |
| 14:15 | Queue | Villager (Male) |
| 14:20 | Build | Farm |
| 14:22 | Build | Farm |
| 14:59 | Queue | Scout Cavalry |
| 14:59 | Queue | Scout Cavalry |
| 14:59 | Queue | Scout Cavalry |
| 15:13 | Build | House |
| 15:15 | Build | Palisade Wall |
| 15:17 | Build | Palisade Wall |
| 15:19 | Build | Palisade Wall |
| 15:22 | Queue | Scout Cavalry |
| 15:29 | Build | Palisade Wall |
| 15:37 | Queue | Scout Cavalry |
| 15:37 | Queue | Scout Cavalry |
| 15:38 | Queue | Scout Cavalry |
| 15:52 | Queue | Scout Cavalry |
| 15:52 | Queue | Scout Cavalry |
| 15:52 | Queue | Scout Cavalry |
| 15:58 | Build | Palisade Wall |
| 16:28 | Queue | Villager (Male) |
| 16:37 | Build | Mining Camp |
| 16:44 | Build | Market |
| 16:47 | Queue | Villager (Male) |
| 16:47 | Queue | Villager (Male) |
| 16:47 | Queue | Villager (Male) |
| 17:17 | Queue | Villager (Male) |
| 17:17 | Queue | Villager (Male) |
| 17:20 | Build | Farm |
| 17:42 | Build | Palisade Wall |
| 18:01 | Queue | Scout Cavalry ×2 |
| 18:02 | Queue | Scout Cavalry ×2 |
| 18:16 | Build | Watch Tower |
| 18:29 | Build | Watch Tower |
| 18:31 | Queue | Villager (Male) |
| 18:39 | Queue | Villager (Male) |
| 18:39 | Queue | Villager (Male) |
| 18:42 | Research | Horse Collar |
| 19:07 | Queue | Scout Cavalry |
| 19:07 | Queue | Scout Cavalry |
| 19:07 | Queue | Scout Cavalry |
| 19:17 | Research | Forging |
| 19:24 | Build | Palisade Wall |
| 19:27 | Queue | Scout Cavalry |
| 19:47 | Queue | Villager (Male) |
Build order — NO MAMES
59 actions detected in the replay
| 0:00 | Queue | Villager (Male) |
| 0:01 | Queue | Villager (Male) |
| 0:01 | Queue | Villager (Male) |
| 0:02 | Queue | Villager (Male) |
| 0:03 | Build | House |
| 0:04 | Build | House |
| 1:22 | Queue | Villager (Male) |
| 1:22 | Queue | Villager (Male) |
| 2:01 | Queue | Villager (Male) |
| 2:01 | Queue | Villager (Male) |
| 2:37 | Queue | Villager (Male) |
| 2:37 | Queue | Villager (Male) |
| 3:02 | Build | Barracks |
| 3:07 | Queue | Villager (Male) |
| 3:08 | Queue | Villager (Male) |
| 3:22 | Build | House |
| 3:53 | Queue | Villager (Male) |
| 3:57 | Build | House |
| 4:29 | Queue | Villager (Male) |
| 4:29 | Queue | Villager (Male) |
| 4:46 | Queue | Militia |
| 5:12 | Build | Lumber Camp |
| 5:19 | Queue | Militia |
| 5:28 | Queue | Villager (Male) |
| 5:28 | Queue | Villager (Male) |
| 5:55 | Queue | Villager (Male) |
| 6:08 | Build | House |
| 6:22 | Queue | Villager (Male) |
| 6:22 | Queue | Villager (Male) |
| 7:00 | Queue | Villager (Male) |
| 7:13 | Build | House |
| 7:45 | Queue | Villager (Male) |
| 7:54 | Queue | Villager (Male) |
| 8:11 | Build | Mill |
| 8:17 | Queue | Villager (Male) |
| 8:48 | Build | Palisade Wall |
| 8:51 | Queue | Villager (Male) |
| 8:54 | Research | Loom |
| 9:27 | Build | Mining Camp |
| 9:39 | Build | Palisade Wall |
| 9:42 | Build | House |
| 9:51 | Research | Feudal Age |
| 10:55 | Build | Palisade Wall |
| 12:01 | Age | Feudal Age |
| 12:16 | Build | Blacksmith |
| 12:21 | Queue | Villager (Male) |
| 12:47 | Queue | Villager (Male) |
| 12:51 | Build | Market |
| 13:08 | Build | Mining Camp |
| 14:19 | Research | Castle Age |
| 14:48 | Queue | Spearman |
| 16:59 | Age | Castle Age |
| 17:33 | Queue | Spearman |
| 17:53 | Queue | Villager (Male) |
| 17:59 | Build | House |
| 18:23 | Build | Farm |
| 19:14 | Build | Castle |
| 19:21 | Build | House |
| 19:26 | Build | House |
Match timeline
| 3:02 | NO MAMES · first_building Barracks |
| 7:38 | Ux'Olkan · wall_segment Palisade Wall x1 |
| 8:01 | Ux'Olkan · first_building Barracks |
| 8:48 | NO MAMES · wall_segment Palisade Wall x2 |
| 8:56 | Ux'Olkan · age_up feudal |
| 8:58 | Ux'Olkan · first_building Stable |
| 9:39 | NO MAMES · wall_segment Palisade Wall x4 |
| 9:53 | Ux'Olkan · wall_segment Palisade Wall x7 |
| 10:32 | Ux'Olkan · wall_segment Palisade Wall x1 |
| 10:55 | NO MAMES · wall_segment Palisade Wall x6 |
| 12:01 | NO MAMES · age_up feudal |
| 13:47 | NO MAMES · first_market_sell 100 wood |
| 15:15 | Ux'Olkan · wall_segment Palisade Wall x1 |
| 15:17 | Ux'Olkan · wall_segment Palisade Wall x1 |
| 15:19 | Ux'Olkan · wall_segment Palisade Wall x1 |
| 15:29 | Ux'Olkan · wall_segment Palisade Wall x1 |
| 15:58 | Ux'Olkan · wall_segment Palisade Wall x1 |
| 16:59 | NO MAMES · age_up castle |
| 17:32 | NO MAMES · first_market_buy 100 food |
| 17:42 | Ux'Olkan · wall_segment Palisade Wall x1 |
| 17:50 | Ux'Olkan · first_market_buy 100 stone |
| 19:14 | NO MAMES · first_building Castle |
| 19:24 | Ux'Olkan · wall_segment Palisade Wall x1 |
| 19:47 | NO MAMES · resign |
[ AI ANALYSIS · 1 CREDIT ]
What really happened in this match?
Wolo.gg analyzes every decision: build order, eco, micro, common mistakes by bracket. Personalized analysis on WhatsApp or Discord in 30 seconds.
Civ guide
Cumans
Perfil
Jugador #4304401